 Dungeon Crawl Stone Soup version 0.20-b1 (webtiles) character file.

198 MTVSty1e the Grave Robber (level 5, -12/38 HPs)
             Began as a Demonspawn Necromancer on May 18, 2017.
             Mangled by Robin
             ... wielding a +2 short sword of electrocution
              (18 damage)
             ... on level 3 of the Dungeon.
             The game lasted 00:11:58 (3536 turns).

MTVSty1e the Grave Robber (Demonspawn Necromancer)  Turns: 3536, Time: 00:11:59

Health: -12/38     AC:  7    Str: 10    XL:     5   Next: 47%
Magic:  0/9        EV: 12    Int: 16    God:
Gold:   78         SH:  0    Dex: 13    Spells: 5/9 levels left

rFire    . . .     SeeInvis .   m - +1 dagger (speed)
rCold    . . .     Gourm    .   (no shield)
rNeg     . . .     Faith    .   q - +0 leather armour
rPois    .         Spirit   .   (no helmet)
rElec    .         Reflect  .   r - +1 cloak
rCorr    .         Harm     .   (no gloves)
MR       .....                  (no boots)
Stlth    +.........             h - amulet of regeneration
Regen    0.6/turn               (no ring)
MPRegen  0.2/turn               (no ring)

@: no status effects
A: hooves 2, thin metallic scales 1, rot immunity
a: no special abilities


You were on level 3 of the Dungeon.
You were not hungry.

You visited 1 branch of the dungeon, and saw 3 of its levels.

You collected 78 gold pieces.

Inventory:

Hand Weapons
 e - a +0 dagger
 m - a +1 dagger of speed (weapon)
Armour
 a - a +0 robe
 i - a +3 plate armour
 q - a +0 leather armour (worn)
 r - a +1 cloak (worn)
 s - a +0 scale mail
Jewellery
 d - an uncursed ring of fire
 h - an amulet of regeneration (around neck)
Scrolls
 o - a scroll of fog {unknown}
 t - 2 scrolls of identify {unknown}
Potions
 f - a potion of berserk rage
 g - a potion of mutation {unknown}
 j - a potion of might {unknown}
 k - 2 potions of flight {unknown}
 n - a potion of haste {unknown}
 p - a potion of ambrosia {unknown}
Books
 b - a book of Necromancy

   Spells                             Type                      Level
   a - Pain                           Necromancy                   1
   b - Animate Skeleton               Necromancy                   1
   c - Vampiric Draining              Necromancy                   3
   d - Regeneration                   Charms/Necromancy            3
   e - Animate Dead                   Necromancy                   4
   f - Control Undead                 Necromancy                   4
Comestibles
 c - 3 bread rations
 l - 2 royal jellies


   Skills:
 * Level 2.2 Fighting
 * Level 1.5 Short Blades
 * Level 1.4 Armour
 + Level 2.3 Dodging
 - Level 1.7 Stealth
 + Level 2.9 Spellcasting
 * Level 1.1 Charms
 + Level 4.8 Necromancy


You had 5 spell levels left.
You knew the following spells:

 Your Spells              Type           Power        Failure   Level  Hunger
a - Pain                  Necr           ###.         3%          1    #......
b - Regeneration          Chrm/Necr      ##........   22%         3    ###....


Dungeon Overview and Level Annotations

Branches:
Dungeon (3/15)

Altars:

Annotations:
D:3 Robin


Innate Abilities, Weirdness & Mutations

You have hoof-like feet.
You are partially covered in thin metallic scales. (AC +2)
You are immune to rotting.


Message History

Robin hits you with a short sword of electrocution.
Casting: Pain
Confirm with . or Enter, or press ? or * to list all spells.
Aiming: Pain
Press: ? - help, Shift-Dir - straight line, f/p - Robin
Aim: Robin, wielding a short sword of electrocution, wearing an animal skin and wearing a helmet (severely wounded, berserk, fast, unusually strong, chance to defeat MR: 82%) Robin writhes in agony!
Robin barely misses you. The goblin barely misses you.
Robin hits you but does no damage.
You are electrocuted!
* * * LOW HITPOINT WARNING * * *
You barely miss Robin.
Robin is almost dead.
Robin hits you with a short sword of electrocution.
* * * LOW HITPOINT WARNING * * *
The goblin closely misses you.
A goblin comes into view.
The goblin shouts!
A hobgoblin comes into view. It is wielding a club.
You hear a shout!
You hear an angry hiss.
Robin hits you but does no damage.
You are electrocuted!
You die...

..........# ###..#.
.........### #...... ..
.......†...####.###.. #.
##.....##......# #.. #.
#.......###.#..# #.. #.
#.......#...#...##.. #.
#..(.......#..#..#.. #.
##...........###.#
##..##.#####@..###.....
...
........Sg.gg...........
....
###...g####g.###.##.....
... #.##. ...##
#.###..... # .g .#### #
... #.g. #>.


Sgg .gg You could see Robin (berserk), an adder, 2 hobgoblins and 2 goblins.

Vanquished Creatures
  Crazy Yiuf (D:2)
  4 gnolls (D:2)
  6 adders
  An ooze (D:2)
  3 worms (D:2)
  3 dart slugs (D:1)
  2 leopard geckos
  3 giant cockroaches
  8 goblins
  4 hobgoblins (D:1)
  2 jackals (D:2)
  7 kobolds
  2 quokkas (D:2)
  6 bats
  5 frilled lizards
  7 rats
64 creatures vanquished.

Notes
Turn   | Place    | Note
-------+----------+-------------------------------------------
     0 | D:1      | MTVSty1e the Demonspawn Necromancer began the quest for the Orb.
     0 | D:1      | Reached XP level 1. HP: 13/13 MP: 3/3
   291 | D:1      | Reached skill level 1 in Fighting
   445 | D:1      | Gained mutation: You have large cloven feet. [demonic ancestry]
   445 | D:1      | Reached XP level 2. HP: 16/21 MP: 3/5
  1345 | D:1      | Gained mutation: You are partially covered in thin metallic scales. (AC +2) [demonic ancestry]
  1345 | D:1      | Reached XP level 3. HP: 6/26 MP: 4/6
  1975 | D:2      | Learned a level 3 spell: Regeneration
  2235 | D:2      | Reached skill level 1 in Armour
  2238 | D:2      | Reached skill level 1 in Short Blades
  2365 | D:2      | Gained mutation: You have hoof-like feet. [demonic ancestry]
  2365 | D:2      | Reached XP level 4. HP: 27/33 MP: 7/7
  2849 | D:2      | Gained mutation: You are immune to rotting. [demonic ancestry]
  2849 | D:2      | Reached XP level 5. HP: 33/38 MP: 1/9
  3192 | D:2      | Found a runed door.
  3274 | D:2      | Noticed Crazy Yiuf
  3287 | D:2      | Killed Crazy Yiuf
  3368 | D:2      | Reached skill level 1 in Charms
  3451 | D:3      | Found a faded altar of an unknown god.
  3523 | D:3      | Noticed Robin
  3536 | D:3      | Mangled by Robin

Skill      XL: |  1  2  3  4  5 |
---------------+----------------+-----
Fighting       | 1 2 |  2.2
Dodging        | 2 |  2.3
Armour         | 1 |  1.4
Short Blades   | 1 |  1.5
Charms         | 1 |  1.1
Stealth        | |  1.7
Spellcasting   | |  2.9
Necromancy     | |  4.8

Action                   |  1- 3 |  4- 6 || total
-------------------------+-------+-------++-------
Melee: Unarmed           |    16 |       ||    16
       Dagger            |   155 |   119 ||   274
       Kick              |    23 |    27 ||    50
 Cast: Pain              |    42 |    39 ||    81
       Regeneration      |     2 |     2 ||     4
  Use: Scroll            |     2 |     1 ||     3
 Stab: Sleeping          |       |     2 ||     2
  Eat: Bread ration      |     1 |       ||     1
       Chunk             |     1 |       ||     1
       Meat ration       |       |     1 ||     1
Armor: Robe              |    29 |     5 ||    34
       Leather armour    |       |     9 ||     9
Dodge: Dodged            |   114 |    57 ||   171
